 Dungeon Crawl Stone Soup version 0.28.0 (webtiles) character file.

Game seed: 17875634025632790359

1647 Morbidden the Sneak (level 8, -4/60 HPs)
             Began as a Demonspawn Brigand on Feb 7, 2022.
             Was a Follower of Vehumet.
             Slain by a gnoll (10 damage)
             ... on level 6 of the Dungeon.
             The game lasted 00:13:58 (8424 turns).

Morbidden the Sneak (Demonspawn Brigand)            Turns: 8424, Time: 00:13:59

Health: -4/60      AC:  5    Str: 13    XL:     8   Next: 67%
Magic:  9/13       EV: 13    Int: 19    God:    Vehumet [*.....]
Gold:   297        SH:  0    Dex: 15    Spells: 6/13 levels left

rFire   . . .      SeeInvis .   v - +2 short sword (protect)
rCold   . . .      Faith    .   (no shield)
rNeg    . . .      Spirit   .   b - +0 robe
rPois   .          Reflect  .   (helmet restricted)
rElec   .          Harm     .   c - +0 cloak
rCorr   .          Rampage  .   p - +0 pair of gloves
Will    .....                   x - +0 pair of boots
Stlth   +++.......              (no amulet)
HPRegen 0.20/turn               (no ring)
MPRegen 0.13/turn               (no ring)

@: no status effects
A: horns 2, big brain 3, demonic magic 1
a: Renounce Religion


You were on level 6 of the Dungeon.
You worshipped Vehumet.
Vehumet was aware of your devotion.
You visited 2 branches of the dungeon, and saw 8 of its levels.

You collected 297 gold pieces.

Inventory:

Hand Weapons
 a - a +2 dagger
 v - a +2 short sword of protection (weapon)
Missiles
 d - 23 poisoned darts (quivered)
 e - 7 curare-tipped darts
Armour
 b - a +0 robe (worn)
 c - a +0 cloak (worn)
 p - a +0 pair of gloves (worn)
 x - a +0 pair of boots (worn)
Jewellery
 B - a ring of fire
 F - an amulet of the acrobat
Wands
 u - a wand of iceblast (7)
 D - a wand of charming (10)
Scrolls
 g - 2 scrolls of fog
 i - 2 scrolls of identify {unknown}
 k - 2 scrolls of vulnerability {unknown}
 l - a scroll of enchant weapon {unknown}
 n - 3 scrolls of torment {unknown}
 o - a scroll of silence {unknown}
 q - 2 scrolls of fear {unknown}
 t - a scroll of enchant armour {unknown}
 y - a scroll of magic mapping {unknown}
 E - a scroll of teleportation {unknown}
Potions
 f - a potion of attraction {unknown}
 h - a potion of magic {unknown}
 j - a potion of berserk rage {unknown}
 m - 2 potions of haste {unknown}
 r - 3 potions of curing {unknown}
 s - 2 potions of invisibility {unknown}
 w - 2 potions of lignification {unknown}
 z - 2 potions of ambrosia {unknown}
 A - 3 potions of brilliance {unknown}
 C - a potion of might {unknown}


   Skills:
 * Level 4.2 Fighting
 * Level 5.2 Short Blades
 + Level 4.0 Throwing
 * Level 3.8 Dodging
 + Level 5.5 Stealth
 * Level 3.4 Spellcasting
 * Level 2.0 Conjurations
 * Level 1.3 Translocations
 + Level 0.2 Evocations


You had 6 spell levels left.
You knew the following spells:

 Your Spells              Type           Power      Damage    Failure   Level
a - Magic Dart            Conj           40%        1d5       2%          1
b - Searing Ray           Conj           20%        2d5       4%          2
c - Iskenderun's Mystic   Conj/Tloc      9%         2d4       28%         4

Your spell library contained the following spells:

 Spells                   Type           Power      Damage    Failure   Level
 Sandblast                Erth           6%         2d5       6%          1
 Beastly Appendage        Tmut           6%         N/A       6%          1
 Wereblood                Tmut           3%         N/A       9%          2
 Dazzling Flash           Conj/Hex       14%        N/A       12%         3
 Spider Form              Tmut/Pois      3%         N/A       17%         3
 Fulminant Prism          Conj/Hex       3%         3d6       34%         4
 Animate Dead             Necr           1%         N/A       47%         4
 Starburst                Conj/Fire      3%         6d3       99%         6
 Haunt                    Necr/Summ      1%         N/A       100%        7
 Infestation              Necr           1%         N/A       100%        8


Dungeon Overview and Level Annotations

Branches:
Dungeon (7/15)             Temple (1/1) D:4

Altars:
Cheibriados
Fedhas
Gozag
Hepliaklqana
Makhleb
Nemelex Xobeh
Qazlal
Sif Muna
Trog
Vehumet
Xom
Zin
The Shining One
Lugonu

Shops:
D:4 [   D:5 [

Annotations:
D:6 1 runed translucent door, Longtemps's ghost, novice OpFE


Innate Abilities, Weirdness & Mutations

You have a pair of horns on your head.
You have an absolutely massive brain. (Int +6, Wiz)
Spells you cast may paralyse adjacent enemies.


Message History

The gnoll hits you but does no damage.
Unknown command.
Unknown command.
Unknown command.
The searing ray hits the gnoll.
The gnoll is lightly wounded.
The searing ray hits the gnoll shaman!
The gnoll shaman is moderately wounded.
You finish channelling your searing ray.
The gnoll shaman calls upon its god to speed up the gnoll.
The gnoll seems to speed up.
The gnoll hits you with a +0 flail.
You hear a shout!
Unknown command.
Unknown command.
Unknown command.
The gnoll hits you with a +2 flail of holy wrath!
You convulse.
The gnoll barely misses you.
The gnoll hits you with a +2 flail of holy wrath.
You convulse!
The gnoll misses you.
There is a stone staircase leading up here.
The gnoll completely misses you.
The gnoll shaman calls upon its god to speed up the gnoll.
The gnoll seems to speed up.
The gnoll barely misses you.
You hear a shout!
You climb upwards.
Level annotation: 1 runed translucent door, Longtemps's ghost, novice OpFE
There is a stone staircase leading down here.
Unknown command.
Unknown command.
The gnoll hits you with a +2 flail of holy wrath.
You convulse.
The gnoll closely misses you.
The gnoll hits you with a +2 flail of holy wrath.
You convulse.
The gnoll barely misses you. The gnoll hits you with a +0 flail!
* * * LOW HITPOINT WARNING * * *
The gnoll hits you with a +2 flail of holy wrath!
* * * LOW HITPOINT WARNING * * *
You convulse!
You die...

#.# #># # ##### #.# #
##...###.# # #.###.##.#
# #.#......# #
#.#.#.#### ##
#############...##
.######.........@gg.>##
........##############
.######## ## #


You could see 2 gnolls.

Vanquished Creatures
  A water moccasin (D:5)
  2 ice beasts
  An orc warrior (D:7)
  A sky beast (D:6)
  2 ogres
  A centaur (D:7)
  A phantom (D:6)
  A bullfrog (D:6)
  A wyvern skeleton (D:7)
  A water moccasin skeleton (D:5)
  2 howler monkeys
  2 hounds
  A bullfrog skeleton (D:4)
  2 jellies (D:4)
  3 orc priests
  7 iguanas
  An orc wizard (D:4)
  3 gnolls (D:5)
  2 adders
  A shadow imp (D:6)
  An ufetubus (D:5)
  2 worms
  5 dart slugs
  29 orcs
  4 ball pythons (D:1)
  8 endoplasms
  A giant cockroach (D:3)
  7 goblins
  8 hobgoblins
  A jackal (D:1)
  4 quokkas
  2 bats
  5 kobolds
  3 rats
  A spectral hobgoblin (D:3)
117 creatures vanquished.

Vanquished Creatures (others)
  5 fungi (D:6)
  8 plants
  2 withered plants (D:6)
15 creatures vanquished.

Grand Total: 132 creatures vanquished

Notes
Turn   | Place    | Note
-------+----------+-------------------------------------------
     0 | D:1      | Morbidden the Demonspawn Brigand began the quest for the
                  | Orb.
     0 | D:1      | Reached XP level 1. HP: 16/16 MP: 1/1
   254 | D:1      | Gained mutation: You have an unusually large brain. (Int
                  | +2) [demonic ancestry]
   254 | D:1      | Reached XP level 2. HP: 22/22 MP: 2/2
   441 | D:1      | Reached skill level 1 in Dodging
  1457 | D:2      | Gained mutation: You have an extremely huge brain. (Int +4)
                  | [demonic ancestry]
  1457 | D:2      | Reached XP level 3. HP: 26/27 MP: 3/3
  2931 | D:3      | Gained mutation: Spells you cast may paralyse adjacent
                  | enemies. [demonic ancestry]
  2931 | D:3      | Reached XP level 4. HP: 19/34 MP: 3/5
  3093 | D:3      | Found a faded altar of an unknown god.
  3416 | D:4      | Reached skill level 1 in Spellcasting
  3463 | D:4      | Found Saseim's Antique Armour Emporium.
  3485 | D:4      | Gained mutation: You have a pair of small horns on your
                  | head. [demonic ancestry]
  3485 | D:4      | Reached XP level 5. HP: 39/39 MP: 6/6
  3492 | D:4      | Noticed an ogre
  3509 | D:4      | Killed an ogre
  4014 | D:4      | Found a radiant altar of Vehumet.
  4072 | D:4      | Reached XP level 6. HP: 47/47 MP: 8/8
  4368 | D:4      | Found a staircase to the Ecumenical Temple.
  4385 | Temple   | Entered the Ecumenical Temple
  4454 | D:4      | Became a worshipper of Vehumet
  4469 | D:5      | Entered Level 5 of the Dungeon
  5039 | D:5      | Learned a level 1 spell: Magic Dart
  5046 | D:5      | Noticed a water moccasin
  5053 | D:5      | Reached skill level 5 in Stealth
  5450 | D:5      | Found a shimmering altar of Xom.
  5485 | D:5      | Killed a water moccasin
  5486 | D:5      | Gained mutation: You have a pair of horns on your head.
                  | [demonic ancestry]
  5486 | D:5      | Reached XP level 7. HP: 52/52 MP: 10/10
  5512 | D:5      | Learned a level 2 spell: Searing Ray
  5730 | D:5      | Found Dumais's Antique Armour Boutique.
  6117 | D:6      | Identified the +2 ring mail of Avant Garde Wonder {Harm rF-
                  | Regen+ MP+9}
  6210 | D:6      | Gained mutation: You have an absolutely massive brain. (Int
                  | +6, Wiz) [demonic ancestry]
  6210 | D:6      | Reached XP level 8. HP: 60/60 MP: 5/12
  6268 | D:6      | Reached * piety under Vehumet
  6268 | D:6      | Offered knowledge of Sandblast by Vehumet.
  6866 | D:6      | Learned a level 4 spell: Iskenderun's Mystic Blast
  7192 | D:6      | Found a runed translucent door.
  7195 | D:6      | Noticed Longtemps's ghost (novice OpFE)
  7200 | D:6      | Found a burning altar of Makhleb.
  7213 | D:6      | Reached skill level 5 in Short Blades
  7627 | D:6      | Found a stormy altar of Qazlal.
  7647 | D:6      | Found a blossoming altar of Fedhas.
  7775 | D:7      | Reached skill level 1 in Conjurations
  7848 | D:7      | Reached skill level 1 in Translocations
  8424 | D:6      | Slain by a gnoll

Illustrated notes

Levels and vault maps discovered:
D:1:      sevenhm_arrival_forest_fort_large_2, layout_basic, minmay_pentomino_r4
D:2:      layout_basic
D:3:      layout_basic, dreamdust_ecumenical_altar_drowned_temple
D:4:      corexii_shack_village, layout_loops_ring,
          mainiacjoe_overflow_alcove_1, temple_hall, serial_shops,
          nicolae_stop_n_shop_1
D:5:      layout_cave_pools, lemuel_doored_altar, serial_shops,
          nicolae_shop_waterfront, minmay_misc_feat_columns
D:6:      layout_loops_ring, grunt_temple_overflow_forces_of_nature,
          makhleb_heckhound_becter, gammafunk_ghost_grave
D:7:      layout_gridville, nicolae_overflow_crystal_walls, serial_shops,
          nicolae_shop_overgrown_old_shop, minmay_misc_feat_ornament
Temple:   corrupted_temple

Skill      XL: |  1  2  3  4  5  6  7  8 |
---------------+-------------------------+-----
Stealth        | 4 5 |  5.5
Dodging        | 1 2 3 |  3.8
Short Blades   | 2 3 4 5 |  5.2
Throwing       | 2 3 4 |  4.0
Spellcasting   | 1 2 3 |  3.4
Fighting       | 3 4 |  4.2
Conjurations   | 2 |  2.0
Translocations | 1 |  1.3
Evocations     | |  0.2

Action                   |  1- 3 |  4- 6 |  7- 9 || total
-------------------------+-------+-------+-------++-------
Melee: Dagger            |    88 |       |       ||    88
       Short sword       |     9 |   127 |    45 ||   181
       Punch             |     1 |     3 |       ||     4
       Headbutt          |       |    10 |     7 ||    17
Throw: Dart              |    35 |    56 |    16 ||   107
 Cast: Magic Dart        |       |     4 |    87 ||    91
       Searing Ray       |       |       |    21 ||    21
Evoke: Wand              |       |     3 |     3 ||     6
  Use: Scroll            |     1 |       |       ||     1
 Stab: Sleeping          |    12 |     5 |     1 ||    18
       Distracted        |       |     3 |       ||     3
       Paralysed         |       |       |    15 ||    15
Armor: Robe              |    23 |    40 |    26 ||    89
Dodge: Dodged            |    47 |    66 |    42 ||   155
